 Dungeon Crawl Stone Soup version 0.29.1-4-g47bece8355 (webtiles) character file.

Game seed: 2430797024233467127

1 fantasyman the Firebug (level 1, -1/14 HPs)
             Began as a Demigod Fire Elementalist on Dec 3, 2022.
             Slain by a goblin
             ... wielding a +0 dagger
              (2 damage)
             ... on level 1 of the Dungeon.
             The game lasted 00:00:05 (39 turns).

fantasyman the Firebug (Demigod Fire Elementalist)    Turns: 39, Time: 00:00:05

Health: -1/14      AC:  2    Str:  9    XL:     1   Next: 13%
Magic:  1/5        EV: 12    Int: 17    God:
Gold:   15         SH:  0    Dex: 14    Spells: 2/3 levels left

rFire   . . .      SeeInvis .   (no weapon)
rCold   . . .      Faith    .   (no shield)
rNeg    . . .      Spirit   .   a - +0 robe
rPois   .          Reflect  .   (no helmet)
rElec   .          Harm     .   (no cloak)
rCorr   .          Rampage  .   (no gloves)
Will    .....                   (no boots)
Stlth   ++........              (no amulet)
HPRegen 0.04/turn               (no ring)
MPRegen 0.09/turn               (no ring)

@: no status effects
A: high MP 1, forlorn, divine attributes
a: no special abilities


You were on level 1 of the Dungeon.
You visited 1 branch of the dungeon, and saw 1 of its levels.

You collected 15 gold pieces.

Inventory:

Armour
 a - a +0 robe (worn)
Potions
 b - a potion of magic


   Skills:
 + Level 1.7 Dodging
 + Level 1.7 Stealth
 + Level 1.7 Spellcasting
 + Level 0.8 Conjurations
 + Level 2.8 Fire Magic


You had 2 spell levels left.
You knew the following spells:

 Your Spells              Type           Power      Damage    Failure   Level
a - Foxfire               Conj/Fire      28%        2x1d5     10%         1

Your spell library contained the following spells:

 Spells                   Type           Power      Damage    Failure   Level
 Scorch                   Fire           22%        2d6       10%         2
 Conjure Flame            Conj/Fire      7%         6-21      28%         3
 Inner Flame              Hex/Fire       6%         N/A       32%         3
 Flame Wave               Conj/Fire      7%         2d5       67%         4


Dungeon Overview and Level Annotations

Branches:
Dungeon (1/15)


Innate Abilities, Weirdness & Mutations

You have an increased reservoir of magic. (+10% MP)
You shall have no god before yourself.
Your divine heritage dramatically boosts your attributes as you level up.


Message History

The goblin is moderately wounded.
The foxfire hits the goblin.
You kill the goblin!
You conjure some foxfire!
The foxfire hits the quokka.
The quokka is heavily wounded.
You conjure some foxfire!
The foxfire hits the quokka but does no damage.
The quokka is heavily wounded.
The foxfire hits the goblin.
The goblin is moderately wounded.
Your foxfire dissipates!
You are out of magic!
You are out of magic!
You are out of magic!
Your foxfire dissipates!
A hobgoblin comes into view.
The foxfire hits the quokka.
The quokka is severely wounded.
Found 9 gold pieces.
The hobgoblin shouts!
A dart slug comes into view.
The dart slug bites you.
Your magical contamination has completely faded away.
The quokka barely misses you. The dart slug launches a dart at you.
The slug dart hits you. The quokka attacks as you move away!
The quokka bites you.
The hobgoblin hits you but does no damage.
The quokka barely misses you. The hobgoblin closely misses you.
The quokka attacks as you move away! The quokka bites you.
* * * LOW HITPOINT WARNING * * *
The hobgoblin closely misses you. The quokka barely misses you.
The hobgoblin attacks as you move away! The hobgoblin barely misses you.
The hobgoblin attacks as you move away! The hobgoblin hits you.
* * * LOW HITPOINT WARNING * * *
The quokka attacks as you move away! The quokka barely misses you.
The goblin hits you but does no damage. The quokka attacks as you move away!
The quokka closely misses you. The goblin attacks as you move away!
The goblin hits you with a +0 dagger.
You die...

###.#####.#####
#...#.....#
#####.###.#####
#..........#
#................
###w...............
+...g..............
##..rg.............
#..@...........)..
#....####.........
#$...# ##..>.##..
#....# ######


You could see a dart slug, a quokka, a hobgoblin and a goblin.

Vanquished Creatures
  A goblin (D:1)
1 creature vanquished.

Vanquished Creatures (others)
  6 foxfires (D:1)
6 creatures vanquished.

Grand Total: 7 creatures vanquished

Notes
Turn   | Place    | Note
-------+----------+-------------------------------------------
     0 | D:1      | fantasyman the Demigod Fire Elementalist began the quest
                  | for the Orb.
     0 | D:1      | Reached XP level 1. HP: 14/14 MP: 5/5
    39 | D:1      | Slain by a goblin

Illustrated notes

Levels and vault maps discovered:
D:1:      lemuel_arrival_room, layout_basic

Action                   || total
-------------------------++-------
 Cast: Foxfire           ||     4
Armor: Robe              ||     2
Dodge: Dodged            ||     8
